 Dungeon Crawl Stone Soup version 0.19-b1-4-gd8a0a2a (webtiles) character file.

19383 kraedy the Basher (level 12, -8/82 HPs)
             Began as a Gargoyle Fighter on Oct 30, 2016.
             Was a High Priest of Okawaru.
             Mangled by Snorg (13 damage)
             ... on level 3 of the Lair of Beasts.
             The game lasted 00:51:32 (14685 turns).

kraedy the Basher (Gargoyle Fighter)               Turns: 14685, Time: 00:51:32

Health: -8/82      AC: 27    Str: 24    XL:     12   Next: 68%
Magic:  17/17      EV:  7    Int: 23    God:    Okawaru [*****.]
Gold:   977        SH: 18    Dex: 15    Spells: 1 memorised, 10 levels left

rFire  x . .     SeeInvis +     F - +1 mace "Leurghunew" {venom, Int+6}
rCold  . . .     Gourm    +     r - +0 plate armour
rNeg   + . .     Faith    .     T - +1 large shield of Lesser Demons {rF- Dex+6}
rPois  ∞         Spirit   .     U - +0 hat {Int+3}
rElec  +         Reflect  .     D - +1 cloak {MR+}
rCorr  +         Harm     .     v - +0 pair of gloves
MR     +....                    h - +0 pair of boots
Stlth  ..........               q - amulet of the gourmand
                                B - ring of resist corrosion
                                K - ring of see invisible

@: drained
A: clever 2, negative energy resistance 1, robust 1, electricity resistance,
wild magic 2, unbreathing, evolution 1, petrification resistance, rot immunity,
AC +8
a: Heroism, Finesse, Renounce Religion


You were on level 3 of the Lair of Beasts.
You worshipped Okawaru.
Okawaru was extremely pleased with you.
You were very full.

You visited 3 branches of the dungeon, and saw 14 of its levels.
You also visited: Sewer and Ossuary.

You collected 977 gold pieces.

Inventory:

Hand Weapons
 n - a +1 flail of holy wrath
 F - the +1 mace "Leurghunew" (weapon) {venom, Int+6}
   (You found it on level 5 of the Dungeon)

   It poisons the flesh of those it strikes.
   It affects your intelligence (+6).
 G - a +0 mace of protection
 H - a +0 shortbow
Missiles
 k - 7 curare-tipped needles
 y - 308 arrows (quivered)
Armour
 c - a +0 shield
 h - a +0 pair of boots (worn)
 r - a +0 plate armour (worn)
 v - a +0 pair of gloves (worn)
 D - a +1 cloak of magic resistance (worn)
 T - the +1 large shield of Lesser Demons (worn) {rF- Dex+6}
   (Okawaru gifted it to you on level 2 of the Lair of Beasts)

   It affects your dexterity (+6).
   It makes you vulnerable to fire.
 U - a +0 hat of intelligence (worn)
Jewellery
 d - the amulet "Ziucw" {Inacc rElec rC+ Dex-2}
   (You found it on level 10 of the Dungeon)

   [amulet of inaccuracy]

   It reduces the accuracy of all your attacks.
   It affects your dexterity (-2).
   It protects you from cold.
   It insulates you from electricity.
 o - an uncursed ring of protection from cold
 q - an amulet of the gourmand (around neck)
 B - a ring of resist corrosion (right hand)
 K - a ring of see invisible (left hand)
Wands
 g - a wand of disintegration (18/24)
 j - a wand of lightning (8/15)
 p - a wand of flame (48/48)
 R - a wand of iceblast (8/15)
 Y - a wand of digging (14/24)
Scrolls
 a - a scroll of magic mapping
 l - 3 scrolls of remove curse
 m - 3 scrolls of enchant armour
 w - a scroll of fear
 I - a scroll of recharging
 L - a scroll of amnesia {unknown}
 O - 3 scrolls of teleportation
 P - 4 scrolls of identify
 Z - a scroll of enchant weapon
Potions
 b - 9 potions of curing
 s - 2 potions of ambrosia
 t - 6 potions of flight
 x - a potion of brilliance
 z - a potion of resistance
 A - a potion of magic
 C - 4 potions of cancellation
Books
 u - a book of Maledictions

   Spells                             Type                      Level
   a - Corona                         Hexes                        1
   b - Ensorcelled Hibernation        Hexes/Ice                    2
   c - Confuse                        Hexes                        3
   d - Tukima's Dance                 Hexes                        3
   e - Dazzling Spray                 Conjuration/Hexes            3
 E - Sif Muna's Grimoire of Attacks
   (You found it on level 10 of the Dungeon)

   Spells                             Type                      Level
   a - Magic Dart                     Conjuration                  1
 J - a book of Enchantments

   Spells                             Type                      Level
   a - Cause Fear                     Hexes                        4
   b - Yara's Violent Unravelling     Hexes/Transmutation          5
   c - Silence                        Hexes/Air                    5
   d - Deflect Missiles               Charms/Air                   6
   e - Discord                        Hexes                        8
 M - a book of Power

   Spells                             Type                      Level
   a - Fulminant Prism                Conjuration/Hexes            4
   b - Iskenderun's Mystic Blast      Conjuration                  4
   c - Venom Bolt                     Conjuration/Poison           5
   d - Bolt of Magma                  Conjuration/Fire/Earth       5
   e - Iron Shot                      Conjuration/Earth            6
   f - Orb of Destruction             Conjuration                  7
   g - Spellforged Servitor           Conjuration/Summoning        7
Miscellaneous
 e - a lamp of fire
 S - a box of beasts
Comestibles
 f - 10 bread rations
 i - 20 fruits
 N - a meat ration
 Q - a beef jerky
 V - a royal jelly
 X - 7 chunks of flesh


   Skills:
 + Level 8.9(8.6) Fighting
 * Level 13.2(12.8) Maces & Flails
 - Level 4.0(3.7) Bows
 + Level 8.8(8.5) Armour
 + Level 6.1(5.8) Dodging
 + Level 8.8(8.5) Shields
 + Level 6.9(6.6) Invocations


You had 10 spell levels left.
You knew the following spells:

 Your Spells              Type           Power        Failure   Level  Hunger
a - Magic Dart            Conj           #...         100%        1    ##.....


Dungeon Overview and Level Annotations

Branches:
Dungeon (10/15)            Temple (1/1) D:7            Lair (3/6) D:10
 Shoals (0/4) Lair:2
  Snake: Lair:2-4    Spider: Lair:2-4       Orc: D:9-12

Altars:
Ashenzari
Cheibriados
Dithmenos
Elyvilon
Fedhas
Gozag
Hepliaklqana
Kikubaaqudgha
Makhleb
Nemelex Xobeh
Okawaru
Qazlal
Ru
Sif Muna
Trog
Uskayaw
Vehumet
Xom
Yredelemnul
Zin
The Shining One

Shops:
D:9 (

Annotations:
D:9 Erolcha
Lair:3 Snorg


Innate Abilities, Weirdness & Mutations

You are resistant to torment.
Your stone body is resilient. (AC +8)
You are immune to poison.
You resist negative energy. (rN+)
You are resistant to electric shocks. (rElec)
You can survive without breathing.
You are immune to petrification.
You are immune to rotting.
Your mind is very acute. (Int +4)
You are robust. (+10% HP)
Your spells are harder to cast, but more powerful.
You evolve.


Message History

There is a stone staircase leading up here.
You sock Snorg!
Snorg looks as sick as possible!
Snorg is severely wounded.
You block Snorg's attack.
Snorg claws you. x2; You block Snorg's attack.
Snorg claws you. Snorg claws you but does no damage.
You barely miss Snorg.
Snorg is severely wounded.
You block Snorg's attack. Snorg claws you but does no damage. x2
Snorg bites you. Snorg claws you but does no damage. x2
You sock Snorg!
Snorg looks as sick as possible!
Snorg is almost dead.
Snorg bites you!
* * * LOW HITPOINT WARNING * * *
You block Snorg's attack. x2
You block Snorg's attack. Snorg claws you but does no damage.
You block Snorg's attack. Snorg bites you!
* * * LOW HITPOINT WARNING * * *
Snorg claws you!
You die...

.#...................#.#.....
.............................
..........P##..........#.##..
(............................
.#P#.....P#.........##.#P.#.
###........##.......##...P.#
..........÷........P.....
.P..P..†..<....P......
........T@.....P.....
##.#..##.####..P.#. # ### ###
#####


You could see Snorg (berserk).

Vanquished Creatures
  Gastronok (Lair:2)
  A hydra (Lair:2)
  2 tengu warriors (D:10)
  3 death yaks
  The ghost of appiemonkey the Skirmisher, a novice DDFi of the Shining One (D:9)
  Nergalle (Lair:3)
  A hill giant (D:10)
  An ugly thing (D:9)
  Joseph (D:10)
  3 spiny frogs
  A black mamba (Lair:1)
  A komodo dragon (Lair:2)
  A tengu conjurer (D:10)
  A troll (D:10)
  A two-headed ogre (D:10)
  A polar bear (Lair:3)
  A snapping turtle (Lair:2)
  6 hippogriffs
  2 wyverns
  7 yaks
  A basilisk (Lair:1)
  A hungry ghost (D:8)
  A steam dragon (D:9)
  2 water moccasins
  4 porcupines
  An orc warrior (D:10)
  4 sky beasts
  A black bear (D:7)
  3 ice beasts
  2 ogres
  3 centaurs
  8 wolves
  2 crocodiles (Lair:1)
  2 big kobolds
  6 bullfrogs
  Blork the orc (D:4)
  A gnoll sergeant (D:8)
  2 scorpions
  8 killer bees
  The ghost of tv1990 the Chopper, a weakling FoMo (D:4)
  2 electric eels (D:10)
  2 crimson imps
  A centaur zombie (D:7)
  A quasit (D:4)
  A jelly (D:9)
  4 orc priests
  Crazy Yiuf (D:5)
  7 hounds
  A centaur skeleton (D:6)
  3 iguanas
  11 orc wizards
  8 worker ants
  A big kobold zombie (Ossuary)
  A hound zombie (D:8)
  A hound skeleton (D:4)
  8 mummies (Ossuary)
  A worker ant zombie (D:10)
  12 adders
  8 gnolls (D:8)
  3 shadow imps
  2 oozes
  2 adder skeletons
  An adder zombie (D:5)
  A worm (D:5)
  2 dart slugs
  9 leopard geckos
  32 orcs
  2 ball pythons (D:3)
  7 giant cockroaches
  A gnoll zombie (Ossuary)
  7 goblins
  8 hobgoblins
  11 jackals
  15 kobolds
  6 quokkas
  5 bats
  A frilled lizard (D:4)
  3 hobgoblin zombies (Ossuary)
  2 jackal skeletons
  A kobold zombie (Ossuary)
  2 orc zombies (Ossuary)
  2 quokka skeletons (D:4)
  8 rats
  A fungus (Lair:1)
299 creatures vanquished.

Vanquished Creatures (others)
  5 dream sheep (D:9)
5 creatures vanquished.

Grand Total: 304 creatures vanquished

Notes
Turn   | Place    | Note
-------+----------+-------------------------------------------
     0 | D:1      | kraedy the Gargoyle Fighter began the quest for the Orb.
     0 | D:1      | Reached XP level 1. HP: 14/14 MP: 1/1
   290 | D:1      | Reached XP level 2. HP: 19/19 MP: 2/2
   433 | D:1      | Reached skill level 3 in Maces & Flails
   630 | D:2      | Reached XP level 3. HP: 23/23 MP: 3/3
   901 | D:2      | Reached skill level 4 in Maces & Flails
  1066 | D:2      | Reached XP level 4. HP: 27/28 MP: 4/4
  1787 | D:3      | Reached skill level 5 in Maces & Flails
  1881 | D:4      | Reached XP level 5. HP: 21/32 MP: 5/5
  2191 | D:4      | Reached skill level 6 in Maces & Flails
  2191 | D:4      | Reached XP level 6. HP: 27/37 MP: 6/6
  2192 | D:4      | Found a glowing drain.
  2218 | Sewer    | Entered a sewer
  2425 | Sewer    | Found a white marble altar of Elyvilon.
  2588 | D:4      | Noticed tv1990's ghost (weakling FoMo)
  2622 | D:4      | Killed tv1990's ghost
  2622 | D:4      | Reached skill level 7 in Maces & Flails
  3522 | D:4      | Noticed Blork the orc
  3540 | D:4      | Killed Blork the orc
  3540 | D:4      | Reached XP level 7. HP: 41/41 MP: 7/7
  3585 | D:4      | Found a glowing silver altar of Zin.
  3662 | D:4      | Found a basalt altar of Yredelemnul.
  3662 | D:4      | Found a blossoming altar of Fedhas.
  3662 | D:4      | Found a deep blue altar of Sif Muna.
  3718 | D:5      | Entered Level 5 of the Dungeon
  4146 | D:5      | Found a runed door.
  4150 | D:5      | Noticed Crazy Yiuf
  4172 | D:5      | Killed Crazy Yiuf
  4237 | D:5      | Got a translucent mace
  4242 | D:5      | Identified the +1 mace "Leurghunew" {venom, Int+6} (You found it on level 5 of the Dungeon)
  4368 | D:5      | Reached skill level 8 in Maces & Flails
  4422 | D:5      | Found a sparkling altar of Nemelex Xobeh.
  4426 | D:5      | Found an ancient bone altar of Kikubaaqudgha.
  4431 | D:5      | Found a glowing golden altar of the Shining One.
  4434 | D:5      | Found a shadowy altar of Dithmenos.
  4435 | D:5      | Found an opulent altar of Gozag.
  4876 | D:5      | Found a blossoming altar of Fedhas.
  4995 | D:5      | Found a hide-covered altar of Uskayaw.
  5121 | D:6      | Reached XP level 8. HP: 46/46 MP: 8/8
  5151 | D:6      | Got a shadowed robe
  5164 | D:6      | Identified the +0 robe of Claustrophobia {rC+} (You found it on level 6 of the Dungeon)
  5304 | D:7      | Found a radiant altar of Vehumet.
  5307 | D:7      | Reached skill level 9 in Maces & Flails
  5330 | D:7      | Reached skill level 1 in Dodging
  5480 | D:7      | Found a burning altar of Makhleb.
  5515 | D:7      | Found a sand-covered staircase.
  5521 | Ossuary  | Entered an ossuary
  6297 | Ossuary  | Reached skill level 11 in Maces & Flails
  6297 | Ossuary  | Reached XP level 9. HP: 55/55 MP: 8/12
  7102 | D:7      | Found a staircase to the Ecumenical Temple.
  7112 | Temple   | Entered the Ecumenical Temple
  7150 | Temple   | Became a worshipper of Warmaster Okawaru
  8376 | D:8      | Reached XP level 10. HP: 58/61 MP: 13/13
  8796 | D:8      | Reached * piety under Okawaru
  9043 | D:9      | Gained mutation: You are frail. (-10% HP) [mutagenic meat]
  9044 | D:9      | Gained mutation: Potions and wands are less effective at restoring your health. [mutagenic meat]
  9045 | D:9      | Gained mutation: You occasionally shout uncontrollably at your foes. [mutagenic meat]
  9046 | D:9      | Gained mutation: Your spells are a little harder to cast, but a little more powerful. [mutagenic meat]
  9046 | D:9      | Lost mutation: Your spells are a little harder to cast, but a little more powerful. [potion of cure mutation]
  9046 | D:9      | Lost mutation: Potions and wands are less effective at restoring your health. [potion of cure mutation]
  9046 | D:9      | Lost mutation: You are frail. (-10% HP) [potion of cure mutation]
  9046 | D:9      | Lost mutation: You occasionally shout uncontrollably at your foes. [potion of cure mutation]
  9047 | D:9      | Gained mutation: Your mind is acute. (Int +2) [potion of mutation]
  9047 | D:9      | Gained mutation: You evolve. [potion of mutation]
  9047 | D:9      | Gained mutation: Your mind is very acute. (Int +4) [potion of mutation]
  9048 | D:9      | Gained mutation: Your spells are a little harder to cast, but a little more powerful. [potion of mutation]
  9363 | D:9      | Noticed appiemonkey's ghost (novice DDFi)
  9441 | D:9      | Killed appiemonkey's ghost
  9441 | D:9      | Reached ** piety under Okawaru
  9475 | D:9      | Found Vuphakh's Weapon Shoppe.
  9504 | D:9      | Noticed a brown ugly thing
  9507 | D:9      | Noticed Erolcha
  9539 | D:9      | Killed a brown ugly thing
  9618 | D:8      | Gained mutation: You are robust. (+10% HP) [evolution]
  9840 | D:9      | Found a shimmering altar of Xom.
  9890 | D:10     | Entered Level 10 of the Dungeon
  9906 | D:10     | Noticed a tengu warrior
  9908 | D:10     | Noticed a tengu warrior
  9930 | D:10     | Killed a tengu warrior
  9930 | D:10     | Reached *** piety under Okawaru
  9930 | D:10     | Reached skill level 5 in Invocations
  9954 | D:10     | Killed a tengu warrior
  9954 | D:10     | Reached XP level 11. HP: 59/73 MP: 14/14
 10098 | D:10     | Found a deep blue altar of Sif Muna.
 10197 | D:10     | Reached **** piety under Okawaru
 10232 | D:10     | Identified Sif Muna's Grimoire of Attacks
 10293 | D:10     | Learned a level 1 spell: Magic Dart
 10333 | D:10     | Noticed Joseph
 10334 | D:10     | Found a staircase to the Lair.
 10356 | D:10     | Reached skill level 12 in Maces & Flails
 10372 | D:10     | Killed Joseph
 10372 | D:10     | Received a gift from Okawaru
 10412 | D:10     | Noticed a hill giant
 10426 | D:10     | Killed a hill giant
 10426 | D:10     | Reached skill level 5 in Dodging
 10861 | D:10     | Found a burning altar of Makhleb.
 11203 | D:10     | Got a sparkling emerald amulet
 11212 | D:10     | Identified the amulet "Ziucw" {Inacc rElec rC+ Dex-2} (You found it on level 10 of the Dungeon)
 11390 | Lair:1   | Entered Level 1 of the Lair of Beasts
 11534 | Lair:1   | Reached ***** piety under Okawaru
 11620 | Lair:1   | Received a gift from Okawaru
 12558 | Lair:2   | Gained mutation: Your spells are harder to cast, but more powerful. [evolution]
 12639 | Lair:2   | Reached XP level 12. HP: 75/80 MP: 16/16
 12668 | Lair:2   | Received a gift from Okawaru
 12671 | Lair:2   | Got a steaming large shield {god gift}
 12682 | Lair:2   | Identified the +1 large shield of Lesser Demons {rF- Dex+6} (Okawaru gifted it to you on level 2 of the Lair of Beasts)
 12980 | Lair:2   | Noticed Gastronok
 13005 | Lair:2   | Killed Gastronok
 13129 | Lair:2   | Noticed a seven-headed hydra
 13139 | Lair:2   | Killed a seven-headed hydra
 13295 | Lair:2   | Found a staircase to the Shoals.
 13989 | Lair:3   | Noticed a death yak
 14007 | Lair:3   | Killed a death yak
 14007 | Lair:3   | Reached skill level 13 in Maces & Flails
 14013 | Lair:3   | Noticed a death yak
 14013 | Lair:3   | Noticed a death yak
 14174 | Lair:2   | Killed a death yak
 14183 | Lair:2   | Killed a death yak
 14624 | Lair:3   | Noticed Nergalle
 14628 | Lair:3   | Noticed Snorg
 14650 | Lair:3   | Killed Nergalle
 14685 | Lair:3   | Mangled by Snorg

Skill      XL: |  1  2  3  4  5  6  7  8  9 10 11 12 |
---------------+-------------------------------------+-----
Maces & Flails | 3 4 5 6 7 8 11 12 13 | 13.2
Dodging        | 3 4 5 6 |  6.1
Fighting       | 6 7 8 |  8.9
Shields        | 6 7 8 |  8.8
Armour         | 6 7 8 |  8.8
Bows           | 4 |  4.0
Invocations    | 4 5 6 |  6.9

Action                   |  1- 3 |  4- 6 |  7- 9 | 10-12 || total
-------------------------+-------+-------+-------+-------++-------
Melee: Flail             |    48 |       |       |       ||    48
       Whip              |    92 |   472 |   136 |       ||   700
       Mace              |       |       |   391 |   890 ||  1281
Invok: Heroism           |       |       |       |     3 ||     3
  Use: Potion            |       |     1 |     2 |    10 ||    13
       Scroll            |       |       |    21 |     4 ||    25
  Eat: Chunk             |       |     9 |    18 |    33 ||    60
       Fruit             |       |       |     3 |     1 ||     4
       Beef jerky        |       |       |     1 |       ||     1
       Bread ration      |       |       |       |     1 ||     1
Armor: Scale mail        |    86 |    51 |       |       ||   137
       Plate armour      |       |   348 |   270 |   497 ||  1115
Dodge: Dodged            |    49 |    75 |    64 |   179 ||   367
Block: Shield            |    79 |   229 |   213 |   321 ||   842
       Large shield      |       |       |       |   240 ||   240
